 Dungeon Sprint DCSS version 0.17.1-3-g152610e (webtiles) character file.

195 Kokonut the Cudgeler (level 5, -2/57 HPs)
             Began as a Troll Berserker on Mar 12, 2016.
             Was a Priest of Trog.
             Slain by a smoke demon (4 damage)
             ... summoned by a kobold demonologist
             ... in the Dungeon (Sprint III: "The Ten Rune Challenge").
             The game lasted 00:01:17 (215 turns).

Kokonut the Cudgeler (Troll Berserker)               Turns: 215, Time: 00:01:17

Health: -2/57      AC:  5    Str: 25    XL:     5   Next: 45%
Magic:  4/4        EV: 11    Int:  3    God:    Trog [***...]
Gold:   22         SH:  0    Dex: 10    Spells: 0 memorised, 4 levels left

rFire  . . .     SeeInvis .     a - +0 mace
rCold  . . .     Clarity  .     b - +0 animal skin
rNeg   . . .     SustAt   .     (no shield)
rPois  .         Gourm    +     (helmet restricted)
rElec  .         Spirit   .     (no cloak)
rCorr  .         Warding  .     (gloves unavailable)
rMut   .         NoTele   +     (boots unavailable)
MR     .....                    (no amulet)
Stlth  +.........               (no ring)
                                (no ring)

@: liquid flames, glowing, not resistant to hostile enchantments, very
unstealthy
A: unfitting armour, claws 3, fast metabolism 3, gourmand, regeneration 2,
shaggy fur 1, tough skin 2
a: Berserk, Trog's Hand, Burn Spellbooks, Renounce Religion


You were in the Dungeon.
You worshipped Trog.
Trog was most pleased with you.
You were not hungry.

You visited 1 branch You collected 22 gold pieces.

Inventory:

Hand Weapons
 a - a +0 mace (weapon)
Armour
 b - a +0 animal skin (worn)
Wands
 k - a wand of polymorph (13)
Scrolls
 i - a scroll of blinking
 j - 4 scrolls of remove curse
 m - a scroll of torment {unknown}
 n - a scroll of identify {unknown}
 r - a scroll of holy word {unknown}
 s - a scroll of enchant weapon {unknown}
Potions
 d - a potion of curing
 e - a potion of heal wounds
 f - a potion of haste
 g - 2 potions of magic
 h - a potion of berserk rage
 l - 2 potions of mutation {unknown}
 p - a potion of degeneration {unknown}
 q - 3 potions of flight
 u - 2 potions of cure mutation
Comestibles
 c - 2 bread rations
 o - a royal jelly
 t - 5 fruits


   Skills:
 + Level 5.2 Fighting
 * Level 7.9 Maces & Flails
 + Level 5.2 Dodging


You had 4 spell levels left.
You didn't know any spells.

Dungeon Overview and Level Annotations

Branches:
Dungeon (1/1)

Altars:
Kikubaaqudgha
Sif Muna
Vehumet


Innate Abilities, Weirdness & Mutations

You are too large for most types of armour.
You have claws for hands.
Your metabolism is lightning-fast.
You like to eat raw meat.
You heal very quickly.
You are covered in fur (AC +1).
You have very tough skin (AC +2).


Message History

The smoke demon hits you but does no damage.
You hit the blue devil.
The blue devil is lightly wounded.
The blue devil hits you!! The smoke demon hits you.
* * * LOW HITPOINT WARNING * * *
The smoke demon misses you.
The smoke demon hits you but does no damage.
You hit the blue devil.
The blue devil is lightly wounded.
The blue devil hits you.
* * * LOW HITPOINT WARNING * * *
The smoke demon gestures at you. The sticky flame hits you!
You are covered in liquid flames!
* * * LOW HITPOINT WARNING * * *
You are covered in liquid flames!
* * * LOW HITPOINT WARNING * * *
The kobold demonologist casts a spell.
The smoke demon hits you.
You die...

▓▓▓▓▓▓ ▓▓▓ .#...####
##.# .#......#####..#
##....÷..#..#..#
.##.##...#..#..###+#+###
.##.###..##'#..#........
####.##..###...'.⌠......
##..##..####...#...####
....##..###....#@⌠.#
#..##...##.....#43.#
..##....#......#)###
.###.[##.#.....#K: .#
#..#####....#_3_ ▓▓ ▓▓▓▓
▓▓▓▓▓▓▓▓▓▓


You could see a soul eater, a kobold demonologist, a smoke demon and a blue
devil.

Vanquished Creatures
  A water elemental (D)
  A scorpion (D)
  A wizard (D)
  Jessica (D)
  A human (D)
  2 oozes (D)
  A rat (D)
8 creatures vanquished.

Vanquished Creatures (others)
  2 draconian scorchers (D)
  A yaktaur (D)
  A plant (D)
4 creatures vanquished.

Grand Total: 12 creatures vanquished

Notes
Turn   | Place    | Note
--------------------------------------------------------------
     0 | D        | Kokonut the Troll Berserker began the quest for the Orb.
     0 | D        | Reached XP level 1. HP: 22/22 MP: 0/0
    14 | D        | Reached skill level 3 in Maces & Flails
    18 | D        | Reached ** piety under Trog
    18 | D        | Reached XP level 2. HP: 27/29 MP: 1/1
    49 | D        | Noticed Jessica
    58 | D        | Killed Jessica
    58 | D        | Reached skill level 5 in Maces & Flails
    58 | D        | Reached XP level 3. HP: 27/37 MP: 2/2
    95 | D        | Noticed a scorpion
   106 | D        | Killed a scorpion
   106 | D        | Reached *** piety under Trog
   106 | D        | Reached skill level 6 in Maces & Flails
   106 | D        | Reached XP level 4. HP: 49/49 MP: 3/3
   131 | D        | Killed a white draconian scorcher
   150 | D        | Killed a yaktaur
   156 | D        | Noticed a water elemental
   160 | D        | Killed a water elemental
   160 | D        | Reached skill level 5 in Fighting
   160 | D        | Reached skill level 7 in Maces & Flails
   160 | D        | Reached skill level 5 in Dodging
   160 | D        | Reached XP level 5. HP: 57/57 MP: 4/4
   170 | D        | Killed a white draconian scorcher
   206 | D        | Found a radiant altar of Vehumet.
   206 | D        | Found a deep blue altar of Sif Muna.
   206 | D        | Found an ancient bone altar of Kikubaaqudgha.
   206 | D        | Noticed a wizard
   208 | D        | Noticed a blue devil
   208 | D        | Killed a wizard
   211 | D        | Noticed a smoke demon
   215 | D        | HP: 1/57 [burnt (5)]
   215 | D        | Slain by a smoke demon

Action                   |  1- 3 |  4- 6 || total
-------------------------+-------+-------++-------
Melee: Mace              |    18 |    11 ||    29
       Unarmed           |     3 |       ||     3
Invok: Berserk           |     1 |     1 ||     2
  Eat: Chunk             |     1 |       ||     1
